 Dungeon Crawl Stone Soup version 0.24-a0-292-g5c6fb1c (webtiles) character file.

Game seed: 6595457283624041840

166572 sankara the Warrior (level 17, -6/161 HPs)
             Began as a Minotaur Berserker on May 8, 2019.
             Was a High Priest of Trog.
             Mangled by an emperor scorpion (27 damage)
             ... on level 4 of the Spider Nest on May 11, 2019.
             The game lasted 04:03:52 (39387 turns).

sankara the Warrior (Minotaur Berserker)           Turns: 39387, Time: 04:03:53

Health: -6/161     AC: 13    Str: 25 (26) XL:     17   Next: 30%
Magic:  2/16       EV: 17    Int: 10      God:    Trog [*****.]
Gold:   1698       SH:  4    Dex:  8 (12) Spells: 16/16 levels left

rFire    . . .     SeeInvis +   a - +5 scimitar (venom)
rCold    . . .     Gourm    .   e - +0 buckler
rNeg     + . .     Faith    .   W - +1 leather armour of Fiov {rElec Regen+ Dex-5 Slay+5} (curse)
rPois    +         Spirit   .   V - +1 hat {Int+3}
rElec    +         Reflect  .   M - +0 cloak
rCorr    .         Harm     .   m - +2 pair of gloves {archery}
MR       +++..                  y - +1 pair of boots
Stlth    ++++++....             A - amulet of regeneration {+regen, !d}
HPRegen  2.16/turn              Q - ring of the King {rPois rN+ Str+4 Int+3}
MPRegen  0.15/turn              H - ring of see invisible {sInv, !d}

@: berserk cooldown, very slightly contaminated, regenerating, hasted and slowed
A: retaliatory headbutt, horns 2
a: Berserk, Trog's Hand, Brothers in Arms, Renounce Religion


You were on level 4 of the Spider Nest.
You worshipped Trog.
Trog was extremely pleased with you.
You were not hungry.

You visited 5 branches of the dungeon, and saw 28 of its levels.
You visited 1 bazaar.

You collected 3571 gold pieces.
You spent 1873 gold pieces at shops.

Inventory:

Hand Weapons
 a - a +5 scimitar of venom (weapon)
   (You took it off a wight on level 7 of the Dungeon)
 b - a +3 hunting sling of flaming
   (Trog gifted it to you on level 14 of the Dungeon)
 c - a +2 dagger of venom
   (You took it off a kobold on level 9 of the Dungeon)
 d - a +8 blowgun
   (You bought it in a shop in a bazaar)
 j - the +11 hand crossbow "Daty" {venom, +Fly rN+ Str-3 Stlth+}
   (You found it on level 1 of the Spider Nest)

   It poisons the ammo it fires.
   It affects your strength (-3).
   It protects you from negative energy.
   It lets you fly.
   It makes you more stealthy.
 k - a +0 long sword of holy wrath
   (You found it on level 4 of the Dungeon)
Missiles
 l - 2 throwing nets {=f, !d}
 n - 632 stones (quivered)
 z - 23 poisoned needles
 N - 253 bolts
 O - a sling bullet
 S - 53 tomahawks
 Z - 11 javelins
Armour
 e - a +0 buckler (worn)
   (You found it on level 12 of the Dungeon)
 m - a +2 pair of gloves of archery (worn)
   (You found it on level 7 of the Dungeon)
 y - a +1 pair of boots (worn)
   (You found it on level 4 of the Dungeon)
 E - the +3 chain mail "Uxkunweak" {rElec rN+ Regen+ rCorr, unknown}
   (You found it on level 4 of the Spider Nest)

   It insulates you from electricity.
   It protects you from negative energy.
   It increases your rate of regeneration.
   It provides partial protection from all sources of acid and corrosion.
 M - a +0 cloak (worn)
   (You found it on level 10 of the Dungeon)
 V - a +1 hat of intelligence (worn)
   (You took it off Gastronok on level 1 of the Lair of Beasts)
 W - the cursed +1 leather armour of Fiov (worn) {rElec Regen+ Dex-5 Slay+5}
   (You found it on level 11 of the Dungeon)

   It affects your dexterity (-5).
   It affects your accuracy and damage with ranged weapons and melee attacks
   (+5).
   It insulates you from electricity.
   It increases your rate of regeneration.
   It has a curse placed upon it.
Jewellery
 f - a +5 ring of dexterity
   (You found it on level 6 of the Lair of Beasts)
 s - an uncursed ring of ice {rC+, rF-}
   (You found it on level 10 of the Dungeon)
 A - an amulet of regeneration (around neck) {+regen, !d}
   (You bought it in a shop on level 2 of the Orcish Mines)
 G - an uncursed ring of fire {rF+, rC-}
   (You found it on level 5 of the Dungeon)
 H - a ring of see invisible (right hand) {sInv, !d}
   (You took it off a goblin on level 1 of the Dungeon)
 I - a +3 ring of slaying
   (You found it on level 4 of the Spider Nest)
 P - an uncursed ring of positive energy {rN+}
   (You found it on level 5 of the Lair of Beasts)
 Q - the ring of the King (left hand) {rPois rN+ Str+4 Int+3}
   (You bought it in a shop on level 2 of the Orcish Mines)

   [ring of intelligence]

   It affects your strength (+4).
   It affects your intelligence (+3).
   It protects you from poison.
   It protects you from negative energy.
Wands
 v - a wand of disintegration (17)
   (You found it on level 3 of the Dungeon)
 L - a wand of clouds (7)
   (You found it on level 9 of the Dungeon)
 U - a wand of acid (10)
   (You found it on level 2 of the Spider Nest)
Scrolls
 g - 2 scrolls of blinking {!r}
 u - 3 scrolls of magic mapping {!r}
 w - 9 scrolls of teleportation
 B - 6 scrolls of remove curse
 C - a scroll of torment {!r}
 J - a scroll of fog
Potions
 h - 17 potions of curing
 i - 7 potions of might
 o - 4 potions of haste
 p - 2 potions of flight
 r - 3 potions of heal wounds
 x - 7 potions of agility
 D - 3 potions of invisibility
 K - 2 potions of resistance
 Y - 2 potions of cancellation
Miscellaneous
 q - a lightning rod (4/4)
   (You found it on level 3 of the Spider Nest)
Comestibles
 t - 44 rations


   Skills:
 + Level 17.0 Fighting
 - Level 14.0 Long Blades
 + Level 6.4 Crossbows
 + Level 9.2 Throwing
 + Level 10.6 Armour
 + Level 12.1 Dodging
 + Level 16.6 Stealth
 - Level 5.0 Shields


You had 16 spell levels left.
You didn't know any spells.
Your spell library was empty.

Dungeon Overview and Level Annotations

Branches:
Dungeon (15/15)            Temple (1/1) D:7            Lair (6/6) D:10
 Shoals (0/4) Lair:4       Spider (4/4) Lair:3        Slime (0/5) Lair:5
    Orc (2/2) D:11            Elf (0/3) Orc:2        Vaults (0/5) D:14
 Depths (0/5) D:15

Altars:
Ashenzari
Cheibriados
Dithmenos
Elyvilon
Fedhas
Gozag
Hepliaklqana
Kikubaaqudgha
Makhleb
Nemelex Xobeh
Okawaru
Qazlal
Ru
Sif Muna
Trog
Uskayaw
Vehumet
Wu Jian
Xom
Yredelemnul
Zin
The Shining One
Beogh
Jiyva

Shops:
D:5 %   Orc:2 =(!!


Innate Abilities, Weirdness & Mutations

You reflexively headbutt those who attack you in melee.
You have a pair of horns on your head.


Message History

The spark wasp stings you! The spark wasp shocks you. You resist.
You slice the spark wasp!!
The spark wasp is poisoned.
The spark wasp is almost dead.
You kill the spark wasp!
Trog accepts your kill. The ghost moth stares at you.
You feel your power leaking away. The ghost moth hits you!
The ghost moth hits you but does no damage.
The ghost moth stings you! The spark wasp stings you!
* * * LOW HITPOINT WARNING * * *
The spark wasp shocks you. You resist.
* * * LOW HITPOINT WARNING * * *
You are too berserk!
You slash the ghost moth! You headbutt the ghost moth!!
The ghost moth is severely wounded.
You barely miss the ghost moth. You headbutt the ghost moth!!
The ghost moth is almost dead.
You block the spark wasp's attack. The ghost moth misses you.
You furiously retaliate!
You headbutt the ghost moth!
You kill the ghost moth!
Trog accepts your kill.
You slice the spark wasp!! You headbutt the spark wasp!
The spark wasp is heavily wounded.
The moth of wrath goads the hornet on!
The hornet goes berserk!
The moth of wrath goads the hornet on!
The hornet goes berserk!
The spark wasp stings you.
* * * LOW HITPOINT WARNING * * *
The spark wasp shocks you. You resist.
* * * LOW HITPOINT WARNING * * *
You hit the emperor scorpion but do no damage.
You headbutt the emperor scorpion!!
The emperor scorpion is moderately wounded.
You block the emperor scorpion's attack.
The emperor scorpion claws you but does no damage.
You block the emperor scorpion's attack.
All of the chunks of flesh in your inventory have rotted away.
You slash the emperor scorpion!
The emperor scorpion looks as sick as possible!
You headbutt the emperor scorpion, but do no damage.
The emperor scorpion is moderately wounded.
The spark wasp barely misses you.
You slice the emperor scorpion!! You headbutt the emperor scorpion!
The emperor scorpion is severely wounded.
The emperor scorpion stings you!!
* * * LOW HITPOINT WARNING * * *
The emperor scorpion barely misses you.
The emperor scorpion closely misses you.
The spark wasp stings you.
* * * LOW HITPOINT WARNING * * *
The spark wasp shocks you. You resist.
* * * LOW HITPOINT WARNING * * *
You enter the shallow water.
Moving in this stuff is going to be slow.
The moth of wrath goads the emperor scorpion on!
The emperor scorpion goes berserk!
The hornet rages.
The emperor scorpion misses you. The emperor scorpion claws you!
* * * LOW HITPOINT WARNING * * *
The emperor scorpion claws you.
* * * LOW HITPOINT WARNING * * *
You feel a strong urge to attack something.
The hornet evades a web.
You feel your anger nearly subside.
You are no longer berserk.
You are exhausted.
You feel yourself slow down.
The spark wasp is caught in a web!
Okay, then.
Really read
g - 3 scrolls of blinking {!r}?
Blink to where?
Press: ? - help, Dir - move target cursor Splash!
You fall into the shallow water.
Moving in this stuff is going to be slow.
You are very lightly contaminated with residual magic.
As you read the scroll of blinking {!r}, it crumbles to dust.
You hear an angry buzzing noise. x3
Your ogre goes berserk!
You are starving!
You hear an angry buzzing noise.
The hornet rages.
You hear an angry buzzing noise.
Okay, then.
Unknown command.
Unknown command.
Unknown command.
Unknown command.
Unknown command.
Unknown command.
Unknown command.
Unknown command.
You eat one of the 45 rations.
That ration really hit the spot!
Your ogre closely misses the emperor scorpion.
The emperor scorpion stings you but does no damage.
The emperor scorpion claws you.
* * * LOW HITPOINT WARNING * * *
The emperor scorpion misses you.
You hear an angry buzzing noise.
Okay, then.
You feel yourself speed up. The emperor scorpion stings you!!
You die...

#≈.≈# ..##...##^..'...#.
#≈.## #+##..≈##≈###.....
#...### ##≈.^†## #....#
##..s≈## #....## #....#
#^....# ####≈..≈####...†
##≈...## #..###...#
#....
##..yy###..^###..###^.##
#≈≈≈.Os^#≈^####^.≈#####
#≈≈#...@≈≈## #...##
#≈≈###≈..≈# ##...#
##≈≈##≈...###...##
#≈.###≈...##...#
#..####....^.≈## #.^.#
###....≈# ##### #....##
##..## ####


You could see 2 emperor scorpions, a spark wasp, a hornet (berserk) and a
friendly ogre (berserk).

Vanquished Creatures
  Gastronok (Lair:1)
  4 ghost moths (Spider:4)
  3 emperor scorpions
  3 entropy weavers
  A dire elephant (Lair:6)
  4 spark wasps (Spider:4)
  The ghost of Borgoz the Slicer, a journeyman HaAr of Ashenzari (Orc:2)
  3 ice dragons
  4 hydras
  A fire dragon (D:15)
  Erolcha (Orc:2)
  3 catoblepae
  A vault guard (D:14)
  7 centaur warriors
  3 ogre magi
  11 two-headed ogres
  5 death yaks
  A tengu warrior (D:13)
  Urug (Lair:6)
  4 orc high priests (Orc:2)
  A deep elf knight (D:14)
  2 unseen horrors
  2 wizards (D:14)
  An orange crystal statue (Orc:2)
  2 necromancers (D:14)
  2 lindwurms (Lair:6)
  20 orb spiders
  A deep elf mage (D:15)
  3 orc knights
  4 orc sorcerers
  An ugly thing (D:11)
  5 manticores
  An oklob plant (Lair:6)
  2 moths of wrath (Spider:3)
  3 cyclopes
  28 wolf spiders
  18 elephants
  A black mamba (Lair:6)
  4 gargoyles
  9 torpor snails
  19 spiny frogs
  5 komodo dragons
  2 rime drakes (Lair:6)
  An efreet (D:15)
  12 demonic crawlers
  8 trolls
  5 polar bears
  32 jumping spiders
  9 hornets
  Prince Ribbit (D:7)
  6 meliai
  A hippogriff (shapeshifter) (D:13)
  4 slime creatures (D:13)
  4 tyrant leeches (Lair:6)
  A blink frog (Lair:6)
  10 hippogriffs
  16 dream sheep
  A meliai zombie (D:13)
  A snapping turtle (Lair:4)
  35 tarantellas
  65 redbacks
  4 wyverns
  3 vampires
  20 humans
  4 fire bats (D:7)
  3 hogs (D:11)
  A wraith (D:15)
  5 basilisks
  36 yaks
  4 vampire mosquitoes (D:14)
  4 wargs
  A hungry ghost (D:10)
  Menkaure (D:7)
  An acid dragon (D:14)
  A hell hound (D:7)
  10 water moccasins
  47 orc warriors
  8 porcupines
  A black bear (D:8)
  5 ice beasts
  3 sky beasts
  2 necrophages
  4 phantoms
  13 ogres
  An eye of draining (D:12)
  18 centaurs
  7 wolves
  8 crocodiles
  2 big kobolds
  13 bullfrogs
  A wyvern skeleton (D:11)
  4 scorpions
  22 killer bees
  16 wights
  8 electric eels
  2 howler monkeys
  7 crimson imps
  4 centaur zombies
  9 jellies
  2 quasits
  4 bullfrog zombies
  8 hounds
  30 orc priests
  2 gnoll shamans
  3 bullfrog skeletons
  3 centaur skeletons
  3 iguanas
  29 orc wizards
  5 hell rats (Lair:2)
  16 worker ants
  A hound zombie (D:5)
  A howler monkey zombie (D:6)
  13 gnolls
  2 howler monkey skeletons
  21 adders
  3 shadow imps
  4 oozes
  2 adder skeletons
  An adder zombie (D:7)
  3 worms
  A dart slug (D:2)
  5 leopard geckos
  110 orcs
  6 bats
  5 giant cockroaches
  10 hobgoblins
  21 jackals
  A quokka (D:7)
  2 ball pythons
  5 frilled lizards
  14 goblins
  A jackal skeleton (D:5)
  21 kobolds
  A quokka skeleton (D:5)
  8 rats
  2 fungi (Lair:5)
  2 plants
1084 creatures vanquished.

Vanquished Creatures (collateral kills)
  2 orc high priests (Orc:2)
  2 orc knights (Orc:2)
  6 orc warriors (Orc:2)
10 creatures vanquished.

Vanquished Creatures (others)
  3 gnolls (D:6)
  21 fungi
  27 plants (Lair:6)
51 creatures vanquished.

Grand Total: 1145 creatures vanquished

Notes
Turn   | Place    | Note
-------+----------+-------------------------------------------
     0 | D:1      | sankara the Minotaur Berserker began the quest for the Orb.
     0 | D:1      | Reached XP level 1. HP: 19/19 MP: 0/0
    34 | D:1      | Reached skill level 4 in Long Blades
    34 | D:1      | Reached XP level 2. HP: 16/27 MP: 1/1
   402 | D:1      | Reached skill level 4 in Fighting
   465 | D:1      | Reached skill level 1 in Stealth
   469 | D:1      | Reached XP level 3. HP: 30/33 MP: 2/2
   670 | D:1      | Reached ** piety under Trog
  1116 | D:2      | Reached skill level 5 in Long Blades
  1116 | D:2      | Reached XP level 4. HP: 28/41 MP: 3/3
  1138 | D:2      | HP: 10/41 [poisoned by an adder]
  1701 | D:2      | Found an iron altar of Okawaru.
  2153 | D:3      | Reached XP level 5. HP: 47/47 MP: 4/4
  2408 | D:3      | Reached *** piety under Trog
  2579 | D:3      | Reached skill level 2 in Stealth
  2932 | D:3      | Reached skill level 6 in Long Blades
  3185 | D:3      | Found a sacrificial altar of Ru.
  3268 | D:3      | Reached skill level 5 in Fighting
  3464 | D:4      | Noticed a phantom
  3470 | D:4      | Killed a phantom
  3470 | D:4      | Reached skill level 1 in Throwing
  3470 | D:4      | Reached XP level 6. HP: 56/56 MP: 5/5
  4009 | D:4      | Reached skill level 7 in Long Blades
  4009 | D:4      | Reached skill level 2 in Throwing
  4174 | D:4      | Received a gift from Trog
  4174 | D:4      | Reached XP level 7. HP: 53/61 MP: 6/6
  4890 | D:5      | Entered Level 5 of the Dungeon
  4921 | D:4      | Reached skill level 3 in Stealth
  5109 | D:5      | Reached skill level 6 in Fighting
  5121 | D:4      | HP: 13/63 [worker ant (4)]
  5126 | D:4      | HP: 8/63 [poisoned by a worker ant]
  5131 | D:4      | HP: 7/63 [poisoned by a worker ant]
  5138 | D:4      | HP: 6/63 [poisoned by a worker ant]
  5146 | D:4      | HP: 6/63 [poisoned by a worker ant]
  5463 | D:5      | Reached skill level 8 in Long Blades
  5463 | D:5      | Reached skill level 3 in Throwing
  5546 | D:5      | Reached XP level 8. HP: 70/70 MP: 7/7
  5688 | D:5      | Found Kyuhiwymai's Food Boutique.
  5992 | D:6      | Reached **** piety under Trog
  6041 | D:6      | Reached skill level 4 in Stealth
  6284 | D:6      | Reached skill level 9 in Long Blades
  6600 | D:6      | Found a shimmering altar of Xom.
  6639 | D:6      | Reached skill level 3 in Dodging
  6896 | D:7      | Reached skill level 7 in Fighting
  7141 | D:7      | Found a transporter.
  7246 | D:7      | Noticed Menkaure
  7253 | D:7      | Killed Menkaure
  7409 | D:7      | Reached XP level 9. HP: 78/79 MP: 8/8
  7504 | D:7      | Found a transporter.
  7613 | D:7      | Received a gift from Trog
  7613 | D:7      | Reached skill level 10 in Long Blades
  7613 | D:7      | Reached skill level 4 in Dodging
  7763 | D:7      | Noticed Prince Ribbit
  7771 | D:7      | Killed Prince Ribbit
  7771 | D:7      | Reached skill level 5 in Stealth
  8103 | D:7      | Reached skill level 8 in Fighting
  8107 | D:7      | Reached skill level 5 in Dodging
  8111 | D:7      | Reached skill level 11 in Long Blades
  8329 | D:7      | Identified the Catalogue of Fetching Ice
  8522 | D:8      | Found a glowing silver altar of Zin.
  8797 | D:8      | Reached XP level 10. HP: 90/90 MP: 9/9
  9023 | D:8      | Reached skill level 6 in Stealth
  9027 | D:8      | Reached ***** piety under Trog
  9113 | D:8      | Reached skill level 9 in Fighting
  9215 | D:8      | Found a bloodstained altar of Trog.
  9329 | D:8      | Reached skill level 6 in Dodging
  9477 | D:7      | Found a staircase to the Ecumenical Temple.
  9481 | Temple   | Entered the Ecumenical Temple
  9599 | D:9      | Reached skill level 12 in Long Blades
  9807 | D:9      | Found a glowing golden altar of the Shining One.
  9876 | D:9      | Found a white marble altar of Elyvilon.
  9885 | D:9      | Found an ancient bone altar of Kikubaaqudgha.
  9989 | D:9      | Received a gift from Trog
  9991 | D:9      | Found a stormy altar of Qazlal.
 10846 | D:10     | Entered Level 10 of the Dungeon
 11345 | D:10     | Noticed a two-headed ogre
 11351 | D:10     | Killed a two-headed ogre
 11351 | D:10     | Reached skill level 13 in Long Blades
 11351 | D:10     | Reached skill level 7 in Dodging
 11872 | D:10     | Reached skill level 7 in Stealth
 11876 | D:10     | Received a gift from Trog
 11876 | D:10     | Reached skill level 10 in Fighting
 11876 | D:10     | Reached XP level 11. HP: 91/99 MP: 10/10
 12059 | D:10     | Found a staircase to the Lair.
 12107 | Lair:1   | Entered Level 1 of the Lair of Beasts
 12107 | Lair:1   | Noticed Gastronok
 12119 | Lair:1   | Killed Gastronok
 12990 | Lair:1   | Upgraded the game from 0.24-a0-290-gbb66a67 to
                  | 0.24-a0-291-g79c1ce7
 13114 | Lair:1   | Reached skill level 8 in Dodging
 13196 | Lair:1   | Reached skill level 3 in Armour
 13210 | Lair:1   | Reached skill level 14 in Long Blades
 13700 | Lair:2   | Noticed a five-headed hydra
 13709 | Lair:2   | Killed a one-headed hydra
 13709 | Lair:2   | Reached skill level 4 in Throwing
 13711 | Lair:2   | HP: 21/101 [porcupine (10)]
 13889 | Lair:2   | Reached skill level 4 in Armour
 13926 | Lair:2   | Reached skill level 11 in Fighting
 14272 | Lair:2   | Reached skill level 8 in Stealth
 14283 | Lair:2   | You fall through a shaft!
 14390 | Lair:3   | Got a slimy flail
 14724 | Lair:3   | Found a hole to the Spider Nest.
 14735 | Lair:3   | Reached XP level 12. HP: 106/110 MP: 11/11
 15480 | Lair:2   | Reached skill level 5 in Armour
 15485 | Lair:2   | Reached skill level 9 in Dodging
 15925 | Lair:3   | Reached skill level 5 in Throwing
 16929 | Lair:4   | Found a staircase to the Shoals.
 17176 | Lair:5   | Noticed an eight-headed hydra
 17184 | Lair:5   | Killed an eight-headed hydra
 17436 | Lair:5   | Reached skill level 12 in Fighting
 17436 | Lair:5   | Reached skill level 6 in Throwing
 17723 | Lair:5   | Reached skill level 9 in Stealth
 17767 | Lair:5   | Received a gift from Trog
 17885 | Lair:5   | Found a staircase to the Slime Pits.
 17886 | Lair:5   | Found a viscous altar of Jiyva.
 18242 | Lair:5   | Reached skill level 7 in Throwing
 18662 | Lair:5   | Reached XP level 13. HP: 80/119 MP: 12/12
 18823 | Lair:5   | Reached skill level 10 in Stealth
 19115 | Lair:6   | Entered Level 6 of the Lair of Beasts
 19418 | Lair:6   | Got a translucent chain mail
 19429 | Lair:6   | Reached skill level 13 in Fighting
 19472 | Lair:5   | Identified the +7 chain mail of the Dungeon {rPois rF+ rC-}
                  | (You found it on level 6 of the Lair of Beasts)
 19800 | Lair:6   | HP: 28/122 [catoblepas (24)]
 19806 | Lair:5   | Reached skill level 8 in Throwing
 20250 | Lair:6   | Received a gift from Trog
 20432 | Lair:6   | Reached skill level 11 in Stealth
 21028 | Lair:6   | Noticed Urug
 21041 | Lair:6   | Killed Urug
 21047 | Lair:6   | Reached skill level 9 in Throwing
 21062 | Lair:6   | HP: 33/184 [catoblepas (22)]
 21064 | Lair:6   | Reached skill level 14 in Fighting
 21448 | Lair:6   | Reached skill level 12 in Stealth
 21483 | Lair:6   | Noticed a dire elephant
 21502 | Lair:6   | Killed a dire elephant
 21502 | Lair:6   | Reached XP level 14. HP: 132/132 MP: 13/13
 22414 | Lair:6   | Found a runed translucent door.
 22620 | Lair:6   | Received a gift from Trog
 23810 | D:11     | Found a staircase to the Orcish Mines.
 23875 | D:11     | Got a bronze leather armour
 23886 | D:11     | Identified the cursed +1 leather armour of Fiov {rElec
                  | Regen+ Dex-5 Slay+5} (You found it on level 11 of the
                  | Dungeon)
 24076 | D:11     | Received a gift from Trog
 24120 | D:11     | Reached skill level 13 in Stealth
 24974 | D:12     | Reached skill level 15 in Fighting
 25603 | Orc:1    | Entered Level 1 of the Orcish Mines
 25748 | Orc:1    | Reached ****** piety under Trog
 25845 | Orc:1    | Reached skill level 1 in Shields
 25850 | Orc:1    | Received a gift from Trog
 26252 | Orc:1    | Reached skill level 2 in Shields
 26329 | Orc:1    | Received a gift from Trog
 26518 | Orc:1    | Received a gift from Trog
 26952 | Orc:2    | Entered Level 2 of the Orcish Mines
 26965 | Orc:2    | Found a roughly hewn altar of Beogh.
 26970 | Orc:2    | Noticed Erolcha
 26983 | Orc:2    | Reached skill level 14 in Stealth
 26983 | Orc:2    | Reached skill level 3 in Shields
 26985 | Orc:2    | Killed Erolcha
 27134 | Orc:2    | Found a staircase to the Elven Halls.
 27439 | Orc:2    | Found a gateway to a bazaar.
 27462 | Bazaar   | Entered a bazaar
 27462 | Bazaar   | Found Xuiw Camnupt's Weapon Boutique.
 27464 | Bazaar   | Found Peah's Book Emporium.
 27487 | Bazaar   | Found Wutizxoi's General Store.
 27494 | Bazaar   | Found Zekhlodudwy's Food Shoppe.
 27494 | Bazaar   | Found Zudita's Distillery.
 27536 | Bazaar   | Bought a +6 blowgun for 448 gold pieces
 27554 | Bazaar   | Bought a potion of heal wounds for 40 gold pieces
 27554 | Bazaar   | Bought a scroll of blinking for 60 gold pieces
 27554 | Bazaar   | Bought a scroll of teleportation for 24 gold pieces
 27554 | Bazaar   | Bought a scroll of identify for 16 gold pieces
 27563 | Bazaar   | Bought a potion of haste for 120 gold pieces
 27563 | Bazaar   | Bought 2 potions of curing for 72 gold pieces
 27563 | Bazaar   | Bought a potion of haste for 120 gold pieces
 27683 | Orc:2    | Upgraded the game from 0.24-a0-291-g79c1ce7 to
                  | 0.24-a0-292-g5c6fb1c
 27730 | Orc:2    | Received a gift from Trog
 27915 | Orc:2    | Reached skill level 4 in Shields
 27918 | Orc:2    | Received a gift from Trog
 28078 | Orc:2    | HP: 39/201 [orc knight/+0 great mace (23)]
 28119 | Orc:2    | HP: 24/135 [orc high priest/divine providence (11)]
 28121 | Orc:2    | HP: 6/135 [orc warrior/+2 trident of freezing (6)]
 28126 | Orc:2    | Reached XP level 15. HP: 42/141 MP: 14/14
 28338 | Orc:2    | Found Coarph's Jewellery Emporium.
 28341 | Orc:2    | Found Jek Edeq's Distillery.
 28342 | Orc:2    | Found Geakkesm's Distillery.
 28343 | Orc:2    | Found Pogod's Weapon Shoppe.
 28450 | Orc:2    | Bought the ring of the King {rPois rN+ Str+4 Int+3} for 553
                  | gold pieces
 28452 | Orc:2    | Bought an uncursed amulet of regeneration for 420 gold
                  | pieces
 28955 | Orc:2    | Reached skill level 5 in Shields
 29030 | Orc:2    | Found a runed translucent gate.
 29030 | Orc:2    | Found a runed translucent gate.
 29030 | Orc:2    | Found a runed translucent gate.
 29036 | Orc:2    | Noticed Borgoz's ghost (journeyman HaAr)
 29323 | Orc:2    | Killed Borgoz's ghost
 30115 | D:13     | Received a gift from Trog
 30358 | D:13     | Reached skill level 6 in Armour
 30680 | D:14     | Found a blossoming altar of Fedhas.
 30751 | D:14     | Found a snail-covered altar of Cheibriados.
 30869 | D:14     | Paralysed by a wizard for 3 turns
 30873 | D:14     | Received a gift from Trog
 30928 | D:14     | Reached skill level 15 in Stealth
 30961 | D:14     | Found a gate to the Vaults.
 31307 | D:14     | Reached skill level 7 in Armour
 31307 | D:14     | Reached skill level 10 in Dodging
 31310 | D:14     | Found the +5 robe of Misfortune {*Contam Harm *Corrode
                  | *Drain *Slow EV+5}
 31593 | D:15     | Entered Level 15 of the Dungeon
 31689 | D:15     | Paralysed by an ogre mage for 3 turns
 31908 | D:15     | Found a staircase to the Depths.
 32366 | D:15     | Reached skill level 8 in Armour
 32772 | Spider:1 | Entered Level 1 of the Spider Nest
 32779 | Spider:1 | Received a gift from Trog
 32847 | Spider:1 | Reached XP level 16. HP: 151/151 MP: 15/15
 32885 | Spider:1 | Reached skill level 16 in Fighting
 33120 | Spider:1 | Received a gift from Trog
 33132 | Spider:1 | Got an ivory hand crossbow
 33731 | Spider:1 | Identified the +11 hand crossbow "Daty" {venom, +Fly rN+
                  | Str-3 Stlth+} (You found it on level 1 of the Spider Nest)
 34201 | Spider:2 | Reached skill level 11 in Dodging
 34238 | Spider:2 | Reached skill level 16 in Stealth
 34339 | Spider:2 | Reached skill level 9 in Armour
 34969 | Spider:3 | Received a gift from Trog
 36185 | Spider:3 | Reached skill level 1 in Crossbows
 36338 | Spider:3 | Reached skill level 2 in Crossbows
 36606 | Spider:3 | Reached skill level 3 in Crossbows
 36765 | Spider:3 | HP: 37/152 [entropy weaver (8)]
 36766 | Spider:3 | Received a gift from Trog
 37052 | Spider:3 | Found a roughly hewn altar of Beogh.
 37360 | Spider:4 | Entered Level 4 of the Spider Nest
 37375 | Spider:4 | Reached skill level 4 in Crossbows
 37603 | Spider:4 | Reached skill level 10 in Armour
 37650 | Spider:4 | Received a gift from Trog
 37844 | Spider:4 | Reached skill level 5 in Crossbows
 38054 | Spider:4 | Reached XP level 17. HP: 160/160 MP: 16/16
 38538 | Spider:4 | Reached skill level 6 in Crossbows
 38957 | Spider:4 | Got a translucent chain mail
 39091 | Spider:4 | Reached skill level 12 in Dodging
 39101 | Spider:4 | Reached skill level 17 in Fighting
 39160 | Spider:4 | HP: 38/161 [wolf spider (4)]
 39164 | Spider:4 | Received a gift from Trog
 39165 | Spider:4 | HP: 18/241 [poisoned by a wolf spider]
 39170 | Spider:4 | HP: 11/161 [poisoned by a wolf spider]
 39175 | Spider:4 | HP: 13/161 [poisoned by a wolf spider]
 39181 | Spider:4 | HP: 18/161 [poisoned by a wolf spider]
 39188 | Spider:4 | HP: 27/161 [poisoned by a wolf spider]
 39195 | Spider:4 | HP: 33/161 [poisoned by a wolf spider]
 39372 | Spider:4 | HP: 57/241 [spark wasp (5)]
 39378 | Spider:4 | HP: 23/241 [emperor scorpion (33)]
 39379 | Spider:4 | HP: 11/241 [emperor scorpion (8)]
 39386 | Spider:4 | HP: 17/161 [emperor scorpion (5)]
 39387 | Spider:4 | Mangled by an emperor scorpion

Levels and vault maps discovered:
D:1:      lightli_arrival_lavapool, layout_loops_ring, grunt_decor_fettered,
          hangedman_decor_slide_cut
D:2:      layout_basic, okawaru_gym_becter, minmay_tromino_v4_c
D:3:      layout_loops_cross, lemuel_coloured_pillars_altar,
          serial_co_window_serial, co_window_corner_a, co_window_corner_a,
          co_window_of_opportunity_a, co_window_paths_a, co_window_corner_a,
          co_window_broadway_a, co_window_corner_b, co_window_broadway_a,
          co_window_2corner, co_window_paths_e, glass_columns_b,
          glass_columns_a, glass_columns_a, glass_columns_c, glass_columns_a,
          minmay_pentomino_pile
D:4:      layout_layer_cave
D:5:      layout_rooms, serial_shops, shop, first_ration
D:6:      layout_loops_cross, lemuel_crystal_altar, lemuel_flame_loot_1
D:7:      gammafunk_cloud_chamber, layout_basic,
          minmay_temple_entry_from_below_a, uniq_menkaure, uniq_prince_ribbit1
D:8:      layout_basic, marbit_many_paths, overflow_temple_1_default
D:9:      layout_cave_pods, kennysheep_mini_moat,
          amethyst_overflow_temple_binary, lemuel_round_altar
D:10:     layout_basic, lair_entry_dummy
D:11:     layout_loops_cross, david_orc_1_choice, grunt_livestock,
          kennysheep_decorative_pillar
D:12:     layout_cave_pools
D:13:     layout_roguey
D:14:     layout_gridville, grunt_vaults_entry_tiered, basic_altar,
          fedhas_altar_1
D:15:     grunt_enter_depths_hoard, layout_long_grid
Temple:   nicolae_temple_god_jail
Lair:1:   layout_cave_pods, uniq_gastronok
Lair:2:   layout_cave_shapes, infiniplex_staircase_pool, grunt_megastairs_1
Lair:3:   layout_regular_city, spider_nest_entry_rubble,
          infiniplex_staircase_pool_2
Lair:4:   layout_cave_pods, minmay_shoals_entry_hut
Lair:5:   layout_roguey, slime_altar_1
Lair:6:   hangedman_lair_in_review, layout_misc_corridors, wormcave, uniq_urug
Spider:1: layout_spider_delve
Spider:2: layout_spider_delve
Spider:3: nicolae_spider_mines_2, hangedman_spider_tarantella_strand
Spider:4: spider_rune_water
Orc:1:    minmay_goldmine, layout_caves, guppyfry_library_mini
Orc:2:    st_orc_pillars, layout_caves, basic_altar, ebering_ghost_rock_garden,
          serial_shops, statue_bzr, uniq_erolcha

Skill      XL: |  1  2  3  4  5  6  7  8  9 10 11 12 13 14 15 16 17 |
---------------+----------------------------------------------------+-----
Long Blades    | 4 5 6 7 8 9 11 13 14 | 14.0
Fighting       | 4 5 6 7 8 10 11 12 14 15 16 17 | 17.0
Stealth        | 1 2 3 4 5 7 8 9 12 14 15 16 | 16.6
Throwing       | 1 2 3 4 7 9 |  9.2
Dodging        | 3 5 7 8 9 10 11 12 | 12.1
Armour         | 4 5 8 10 | 10.6
Shields        | 4 5 |  5.0
Crossbows      | 5 6 |  6.4

Action                   |  1- 3 |  4- 6 |  7- 9 | 10-12 | 13-15 | 16-18 || total
-------------------------+-------+-------+-------+-------+-------+-------++-------
Melee: Falchion          |    61 |   145 |   117 |       |       |       ||   323
       Headbutt          |    15 |    28 |    63 |   140 |   293 |   111 ||   650
       Long sword        |       |       |    54 |       |       |       ||    54
       Scimitar          |       |       |    36 |   384 |   863 |   364 ||  1647
       Dagger            |       |       |    10 |     1 |    11 |     1 ||    23
       Hand axe          |       |       |       |     6 |     7 |       ||    13
 Fire: Hunting sling     |       |       |    19 |   170 |   644 |   278 ||  1111
       Hand crossbow     |       |       |       |       |       |    36 ||    36
Throw: Stone             |       |       |    29 |    17 |     9 |     1 ||    56
       Javelin           |       |       |       |       |     1 |       ||     1
Invok: Berserk           |     1 |     3 |     6 |     6 |     8 |     3 ||    27
       Trog's Hand       |       |       |     3 |     2 |     2 |     1 ||     8
       Brothers in Arms  |       |       |       |       |     1 |     2 ||     3
  Use: Scroll            |       |       |    12 |     3 |    15 |     6 ||    36
       Potion            |       |       |       |       |     2 |     1 ||     3
 Stab: Sleeping          |     4 |     3 |    11 |     8 |    13 |     3 ||    42
       Distracted        |       |       |     1 |     1 |       |       ||     2
       Petrified         |       |       |       |       |     5 |       ||     5
  Eat: Chunk             |     1 |    11 |    22 |    38 |    49 |    20 ||   141
       Ration            |       |       |       |       |     1 |     2 ||     3
Armor: Animal skin       |    16 |    13 |       |       |       |       ||    29
       Leather armour    |       |     3 |    36 |    33 |   103 |   127 ||   302
       Scale mail        |       |       |       |    72 |     8 |       ||    80
       Chain mail        |       |       |       |       |   142 |       ||   142
Dodge: Dodged            |    53 |    77 |   142 |   330 |   593 |   387 ||  1582
Block: Buckler           |       |       |       |       |    97 |   123 ||   220
       Rpst.: Falchion   |    14 |    18 |    19 |       |       |       ||    51
       Long sword        |       |       |     8 |       |       |       ||     8
       Scimitar          |       |       |     6 |    87 |   141 |    58 ||   292

Table legend:
 A = Non-vault XP
 B = Vault XP
 C = Vault XP percentage of total XP
 D = Non-vault monster count
 E = Vault monster count
 F = Vault count percentage of total count
                 A         B        C        D         E       F
            +---------+---------+-------+---------+---------+-------
      Total |  174407 |   63553 |  26.7 |     880 |     211 |  19.3
            +---------+---------+-------+---------+---------+-------
        D:1 |      62 |       0 |   0.0 |      37 |       0 |   0.0
        D:2 |     112 |       0 |   0.0 |      27 |       0 |   0.0
        D:3 |     149 |      10 |   6.3 |      29 |       4 |  12.1
        D:4 |     700 |       0 |   0.0 |      17 |       0 |   0.0
        D:5 |     612 |       0 |   0.0 |      23 |       0 |   0.0
        D:6 |     437 |       0 |   0.0 |      18 |       0 |   0.0
        D:7 |     979 |    1411 |  59.0 |      34 |       7 |  17.1
        D:8 |    2079 |      51 |   2.4 |      35 |       1 |   2.8
        D:9 |    2296 |       0 |   0.0 |      37 |       0 |   0.0
       D:10 |    2567 |       0 |   0.0 |      28 |       0 |   0.0
       D:11 |    3369 |    1742 |  34.1 |      26 |      14 |  35.0
       D:12 |    6369 |       0 |   0.0 |      30 |       0 |   0.0
       D:13 |   10419 |       0 |   0.0 |      51 |       0 |   0.0
       D:14 |    9236 |    8085 |  46.7 |      30 |      25 |  45.5
       D:15 |   14433 |    1988 |  12.1 |      38 |       2 |   5.0
     Lair:1 |    4158 |    2151 |  34.1 |      19 |       1 |   5.0
     Lair:2 |    3933 |      88 |   2.2 |      16 |       1 |   5.9
     Lair:3 |    2931 |     220 |   7.0 |      18 |       1 |   5.3
     Lair:4 |    2763 |     235 |   7.8 |      14 |       1 |   6.7
     Lair:5 |   13549 |       0 |   0.0 |      38 |       0 |   0.0
     Lair:6 |   14102 |   19770 |  58.4 |      40 |      40 |  50.0
   Spider:1 |   15694 |       0 |   0.0 |      37 |       0 |   0.0
   Spider:2 |   13416 |       0 |   0.0 |      34 |       0 |   0.0
   Spider:3 |   17380 |    1728 |   9.0 |      53 |       6 |  10.2
   Spider:4 |   22577 |   15194 |  40.2 |      53 |      32 |  37.6
      Orc:1 |    4761 |     904 |  16.0 |      44 |      21 |  32.3
      Orc:2 |    5324 |    9976 |  65.2 |      54 |      55 |  50.5
            +---------+---------+-------+---------+---------+-------

Levels and vault maps discovered:
D:1:      lightli_arrival_lavapool, layout_loops_ring, grunt_decor_fettered,
          hangedman_decor_slide_cut
D:2:      layout_basic, okawaru_gym_becter, minmay_tromino_v4_c
D:3:      layout_loops_cross, lemuel_coloured_pillars_altar,
          serial_co_window_serial, co_window_corner_a, co_window_corner_a,
          co_window_of_opportunity_a, co_window_paths_a, co_window_corner_a,
          co_window_broadway_a, co_window_corner_b, co_window_broadway_a,
          co_window_2corner, co_window_paths_e, glass_columns_b,
          glass_columns_a, glass_columns_a, glass_columns_c, glass_columns_a,
          minmay_pentomino_pile
D:4:      layout_layer_cave
D:5:      layout_rooms, serial_shops, shop, first_ration
D:6:      layout_loops_cross, lemuel_crystal_altar, lemuel_flame_loot_1
D:7:      gammafunk_cloud_chamber, layout_basic,
          minmay_temple_entry_from_below_a, uniq_menkaure, uniq_prince_ribbit1
D:8:      layout_basic, marbit_many_paths, overflow_temple_1_default
D:9:      layout_cave_pods, kennysheep_mini_moat,
          amethyst_overflow_temple_binary, lemuel_round_altar
D:10:     layout_basic, lair_entry_dummy
D:11:     layout_loops_cross, david_orc_1_choice, grunt_livestock,
          kennysheep_decorative_pillar
D:12:     layout_cave_pools
D:13:     layout_roguey
D:14:     layout_gridville, grunt_vaults_entry_tiered, basic_altar,
          fedhas_altar_1
D:15:     grunt_enter_depths_hoard, layout_long_grid
Temple:   nicolae_temple_god_jail
Lair:1:   layout_cave_pods, uniq_gastronok
Lair:2:   layout_cave_shapes, infiniplex_staircase_pool, grunt_megastairs_1
Lair:3:   layout_regular_city, spider_nest_entry_rubble,
          infiniplex_staircase_pool_2
Lair:4:   layout_cave_pods, minmay_shoals_entry_hut
Lair:5:   layout_roguey, slime_altar_1
Lair:6:   hangedman_lair_in_review, layout_misc_corridors, wormcave, uniq_urug
Spider:1: layout_spider_delve
Spider:2: layout_spider_delve
Spider:3: nicolae_spider_mines_2, hangedman_spider_tarantella_strand
Spider:4: spider_rune_water
Orc:1:    minmay_goldmine, layout_caves, guppyfry_library_mini
Orc:2:    st_orc_pillars, layout_caves, basic_altar, ebering_ghost_rock_garden,
          serial_shops, statue_bzr, uniq_erolcha

Table legend:
 A = Turns spent in this place as a percentage of turns spent in the entire game.
 B = Non-inter-level travel turns spent in this place as a percentage of non-inter-level travel turns spent in the entire game.
 C = Inter-level travel turns spent in this place as a percentage of turns spent in this place.
 D = Turns resting spent in this place as a percentage of non-inter-level travel turns spent in this place.
 E = Turns spent auto-exploring this place as a percentage of non-inter-level travel turns spent in this place.
 F = Non-inter-level travel turns spent in this place divided by the number of levels of this place that you've seen.
                   A       B       C       D       E      F
               +-------+-------+-------+-------+-------+----------------------
         Total | 100.0 | 100.0 |   9.9 |  26.9 |  45.7 | 1224.2
       Dungeon |  46.6 |  45.6 |  11.8 |  24.7 |  50.0 | 1079.3
        Temple |   0.2 |   0.2 |  18.1 |   0.0 |  96.6 |  59.0
          Lair |  30.2 |  30.3 |   9.6 |  38.4 |  37.8 | 1793.0
   Spider Nest |  13.2 |  13.9 |   5.7 |  18.5 |  46.2 | 1229.8
  Orcish Mines |   9.4 |   9.7 |   7.4 |  14.2 |  49.9 | 1717.0
        Bazaar |   0.4 |   0.4 |   0.0 |   0.0 |  31.9 | 141.0
               +-------+-------+-------+-------+-------+----------------------

Table legend:
 A = Kills in this place as a percentage of kills in entire the game.
 B = Kills by you in this place as a percentage of kills by you in the entire game.
 C = Kills by friends in this place as a percentage of kills by friends in the entire game.
 D = Other kills in this place as a percentage of other kills in the entire game.
 E = Experience gained in this place as a percentage of experience gained in the entire game.
 F = Experience gained in this place divided by the number of levels of this place that you have seen.
                   A       B       C       D       E      F
               +-------+-------+-------+-------+-------+----------------------
         Total | 100.0 | 100.0 | 100.0 | 100.0 | 100.0 | 8205.5
       Dungeon |  47.0 |  47.4 |   0.0 | 100.0 |  28.2 | 4473.7
          Lair |  17.3 |  17.5 |   0.0 |   0.0 |  26.9 | 10650.0
   Spider Nest |  19.7 |  19.9 |   0.0 |   0.0 |  36.1 | 21497.2
  Orcish Mines |  15.9 |  15.2 | 100.0 |   0.0 |   8.8 | 10482.5
               +-------+-------+-------+-------+-------+----------------------
